 Dungeon Crawl Stone Soup version 0.22-a0-533-g4d20840e7c (webtiles) character file.

1080 Niddhogr the Covert (level 8, -14/58 HPs)
             Began as a Formicid Fighter on June 22, 2018.
             Demolished by an ogre
             ... wielding a +0 giant club
              (22 damage)
             ... on level 5 of the Dungeon.
             The game lasted 00:10:30 (5093 turns).

Niddhogr the Covert (Formicid Fighter)              Turns: 5093, Time: 00:10:30

Health: -14/58     AC: 10    Str: 21    XL:     8   Next: 55%
Magic:  8/8        EV: 10    Int:  8    God:
Gold:   267        SH:  9    Dex: 12    Spells: 7/7 levels left

rFire    . . .     SeeInvis +   a - +0 trident
rCold    . . .     Gourm    .   c - +0 shield
rNeg     . . .     Faith    .   i - +0 scale mail (curse)
rPois    +         Spirit   .   (helmet unavailable)
rElec    .         Reflect  .   m - +2 cloak {rPois}
rCorr    .         Harm     .   (no gloves)
MR       .....                  (no boots)
Stlth    +++.......             (no amulet)
HPRegen  0.19/turn              p - +3 ring of evasion
MPRegen  0.11/turn              (no ring)

@: invisible
A: permanent stasis, dig shafts and tunnels, four strong arms, antennae 3
a: Dig, Shaft Self


You were on level 5 of the Dungeon.
You were not hungry.

You visited 1 branch of the dungeon, and saw 5 of its levels.

You collected 267 gold pieces.

Inventory:

Hand Weapons
 a - a +0 trident (weapon)
 n - a +1 dagger of distortion
Armour
 c - a +0 shield (worn)
 i - a cursed +0 scale mail (worn)
 m - a +2 cloak of poison resistance (worn)
Jewellery
 p - a +3 ring of evasion (left hand)
Wands
 q - a wand of iceblast (1)
Scrolls
 e - 3 scrolls of amnesia
 g - 6 scrolls of remove curse
 l - a scroll of fear
 u - 2 scrolls of enchant armour
Potions
 d - 2 potions of might
 o - a potion of lignification {unknown}
 s - a potion of flight
 w - a potion of curing {unknown}
Comestibles
 f - 7 rations
 v - a chunk of flesh


   Skills:
 - Level 3.2 Fighting
 + Level 6.9 Polearms
 - Level 3.2 Armour
 + Level 8.7 Stealth
 - Level 3.6 Shields


You had 7 spell levels left.
You didn't know any spells.
Your spell library was empty.

Dungeon Overview and Level Annotations

Branches:
Dungeon (5/15)
 Temple: D:4-7

Altars:
Nemelex Xobeh
The Shining One

Portals:
Ossuary: D:5


Innate Abilities, Weirdness & Mutations

You cannot be hasted, slowed, berserked, paralysed or teleported.
You can dig through walls and to a lower floor.
Your four strong arms can wield two-handed weapons with a shield.
You have a pair of large antennae on your head. (SInv)


Message History

You puncture the ogre!
The ogre is heavily wounded.
The ogre closely misses you.
Evoke which item? (* to show all) (? for menu, Esc to quit)
Okay, then.
The worker ant twitches its antennae in your direction.
You puncture the ogre!
The ogre is severely wounded.
The ogre hits you with a giant club!
The centaur shouts!
You hit the ogre.
The ogre is almost dead.
The centaur wields a shortbow.
The centaur shoots an arrow.
The arrow hits you!
* * * LOW HITPOINT WARNING * * *
The centaur shoots an arrow.
The arrow hits you.
* * * LOW HITPOINT WARNING * * *
It was a potion of invisibility.
You fade into invisibility!
The ogre hits you with a giant club!!
You die...

##.. #..# .## ...
c.# #+# ..#####.#
#.. #.#...#.## #.#
#.'.∩.#.. ##.## ##.#
#.######{..##
#.O#####c##.........
#..@......#.###...#.
#....a.....<........
#.........#.####.##.
####...####.# #.# .
#...# #.####.##.
#...# #.........
##### #.......##
#.####..# #######
#.# #..#


You could see an ogre, a centaur and a worker ant.

Vanquished Creatures
  Grinder (D:4)
  Duvessa (D:4)
  A phantom (D:4)
  Dowan (D:4)
  A bullfrog zombie (D:5)
  A bullfrog skeleton (D:5)
  An orc priest (D:3)
  Crazy Yiuf (D:3)
  3 hounds
  Jessica (D:3)
  Natasha (thrice) (D:2)
  An iguana (D:4)
  4 worker ants
  Robin (D:2)
  A howler monkey skeleton (D:4)
  9 adders
  An ooze (D:3)
  2 worms (D:3)
  2 dart slugs
  4 leopard geckos
  9 orcs
  2 ball pythons
  2 giant cockroaches
  16 goblins
  7 hobgoblins
  7 jackals (D:2)
  3 quokkas
  9 bats
  4 frilled lizards
  8 kobolds
  7 rats
114 creatures vanquished.

Notes
Turn   | Place    | Note
-------+----------+-------------------------------------------
     0 | D:1      | Niddhogr the Formicid Fighter began the quest for the Orb.
     0 | D:1      | Reached XP level 1. HP: 18/18 MP: 1/1
    26 | D:1      | Reached skill level 1 in Stealth
   156 | D:1      | Reached XP level 2. HP: 24/24 MP: 2/2
   276 | D:1      | Reached skill level 2 in Stealth
   283 | D:1      | Reached XP level 3. HP: 23/29 MP: 3/3
  1037 | D:2      | Reached XP level 4. HP: 34/35 MP: 4/4
  1041 | D:2      | Reached skill level 3 in Stealth
  1143 | D:2      | Noticed Robin
  1896 | D:2      | Reached XP level 5. HP: 30/41 MP: 5/5
  2073 | D:2      | Noticed Natasha
  2082 | D:2      | Killed Natasha
  2082 | D:2      | Reached skill level 4 in Stealth
  2235 | D:2      | Noticed Natasha
  2246 | D:2      | Killed Natasha
  2682 | D:2      | Killed Robin
  3025 | D:2      | Noticed Natasha
  3032 | D:2      | Killed Natasha
  3032 | D:2      | Reached XP level 6. HP: 33/47 MP: 6/6
  3095 | D:3      | Reached skill level 5 in Stealth
  3786 | D:3      | Found a glowing golden altar of the Shining One.
  3889 | D:3      | Noticed Jessica
  3895 | D:3      | Killed Jessica
  3906 | D:3      | Found a sparkling altar of Nemelex Xobeh.
  4021 | D:3      | Found a runed door.
  4115 | D:3      | Noticed Crazy Yiuf
  4122 | D:3      | Killed Crazy Yiuf
  4122 | D:3      | Reached skill level 5 in Polearms
  4177 | D:4      | Reached skill level 6 in Stealth
  4177 | D:4      | Reached XP level 7. HP: 33/52 MP: 7/7
  4184 | D:4      | Noticed Dowan
  4188 | D:4      | Noticed Duvessa
  4701 | D:4      | Killed Duvessa
  4701 | D:4      | Reached skill level 7 in Stealth
  4714 | D:4      | Killed Dowan
  4714 | D:4      | Reached XP level 8. HP: 44/58 MP: 8/8
  4897 | D:5      | Entered Level 5 of the Dungeon
  4897 | D:5      | Noticed Grinder
  4914 | D:4      | Killed Grinder
  4914 | D:4      | Reached skill level 8 in Stealth
  5085 | D:5      | Found a sand-covered staircase.
  5093 | D:5      | Demolished by an ogre

Vault maps used:
D:1:      dpeg_arrival_simpleton_b, kennysheep_decorative_pillar
D:2:      uniq_natasha, uniq_robin
D:3:      nicolae_overflow_crystal_walls, marbit_many_paths,
          uniq_crazy_yiuf_cottage, uniq_jessica
D:4:      uniq_duvessa
D:5:      overflow_temple_1_default, gammafunk_ghost_necromancy, first_ration,
          enter_ossuary_2, basic_altar, makhleb_blood_cavern_becter,
          uniq_grinder

Skill      XL: |  1  2  3  4  5  6  7  8 |
---------------+-------------------------+-----
Stealth        | 1 2 3 4 6 7 8 |  8.7
Polearms       | 3 4 5 6 |  6.9
Fighting       | |  3.2
Armour         | |  3.2
Shields        | |  3.6

Action                   |  1- 3 |  4- 6 |  7- 9 || total
-------------------------+-------+-------+-------++-------
Melee: Trident           |    69 |   309 |   152 ||   530
Evoke: Wand              |       |       |     2 ||     2
  Use: Potion            |       |     1 |     1 ||     2
       Scroll            |       |     1 |     7 ||     8
 Stab: Sleeping          |     3 |     7 |     1 ||    11
  Eat: Chunk             |       |    11 |     3 ||    14
Armor: Scale mail        |     4 |    87 |    51 ||   142
       Leather armour    |    10 |    22 |       ||    32
Dodge: Dodged            |    16 |   101 |    52 ||   169
Block: Shield            |    25 |   179 |    60 ||   264

Table legend:
 A = Spawn XP
 B = Non-spawn XP
 C = Spawn XP percentage of total XP
 D = Spawn monster count
 E = Non-spawn monster count
 F = Spawn count percentage of total count
 G = Total turns spent on level
                    A         B        C        D         E        F      G
               +---------+---------+-------+---------+---------+-------+---------
         Total |       0 |    1544 |   0.0 |       0 |     114 |   0.0 |  5093
               +---------+---------+-------+---------+---------+-------+---------
           D:1 |       0 |      41 |   0.0 |       0 |      23 |   0.0 |  1097
           D:2 |       0 |     242 |   0.0 |       0 |      37 |   0.0 |  1963
           D:3 |       0 |     230 |   0.0 |       0 |      33 |   0.0 |  1334
           D:4 |       0 |     810 |   0.0 |       0 |      15 |   0.0 |   511
           D:5 |       0 |     221 |   0.0 |       0 |       6 |   0.0 |   188
               +---------+---------+-------+---------+---------+-------+---------
